 Dungeon Crawl Stone Soup version 0.31-a0-675-g238779eb0a (webtiles) character file.

Game seed: 8858857448745979050

135 senseless the Ducker (level 4, -2/35 HPs)
             Began as a Demonspawn Gladiator on Sept 5, 2023.
             Slain by a gnoll
             ... wielding a +0 whip
              (4 damage)
             ... on level 3 of the Dungeon.
             The game lasted 00:02:42 (1820 turns).

senseless the Ducker (Demonspawn Gladiator)         Turns: 1820, Time: 00:02:43

Health: -2/35      AC:  4    Str: 14    XL:     4   Next: 97%
Magic:  4/4        EV: 13    Int: 10    God:
Gold:   111        SH:  0    Dex: 16    Spells: 3/3 levels left

rFire   + . .        a - +0 long sword
rCold   . . .        (no shield)
rNeg    . . .        b - +0 leather armour
rPois   .            c - +0 helmet
rElec   .            (no cloak)
rCorr   .            (no gloves)
SInv    +            (no boots)
Will    .....        k - amulet of the acrobat
Stlth   +            l - ring of protection from fire
HPRegen 0.25/turn    n - ring of see invisible
MPRegen 0.09/turn

%: acrobat
@: no status effects
A: claws 1, spiny 2
a: no special abilities


You were on level 3 of the Dungeon.
You visited 1 branch of the dungeon, and saw 3 of its levels.

You collected 111 gold pieces.

Inventory:

Hand Weapons
 a - a +0 long sword (weapon)
Missiles
 d - 3 throwing nets (quivered)
 e - a javelin
Armour
 b - a +0 leather armour (worn)
 c - a +0 helmet (worn)
Jewellery
 k - an amulet of the acrobat (around neck)
 l - a ring of protection from fire (left claw)
 n - a ring of see invisible (right claw)
Scrolls
 f - 2 scrolls of teleportation {unknown}
 g - 2 scrolls of identify {unknown}
 h - a scroll of enchant weapon {unknown}
 j - 3 scrolls of revelation {unknown}
 m - a scroll of enchant armour {unknown}


   Skills:
 + Level 3.4 Fighting
 + Level 3.6 Long Blades
 - Level 1.7 Throwing
 + Level 3.6 Dodging


You had 3 spell levels left.
You didn't know any spells.
Your spell library was empty.

Dungeon Overview and Level Annotations

Branches:
Dungeon (3/15)

Altars:
Ru

Shops:
D:2 (([((


Innate Abilities, Weirdness & Mutations

You have sharp fingernails.
You are mostly covered in sharp spines.


Message History

Things that are here:
a +0 dagger; a +0 robe; an orc corpse You bump into the rock wall.
The gnoll hits you with a +0 halberd.
* * * LOW HITPOINT WARNING * * *
The gnoll completely misses you.
You bump into the stone wall.
You feel less confused.
The orc priest looks encouraged for a moment.
The gnoll closely misses you. The gnoll is struck by your spines.
The gnoll closely misses you.
Things that are here:
a +0 dagger; a +0 robe; an orc corpse You hit the gnoll.
You kill the gnoll!
You hit the orc priest.
The orc priest is moderately wounded.
The orc priest barely misses you.
A gnoll comes into view. It is wielding a +0 whip.
The orc priest misses you.
You closely miss the orc priest.
The orc priest is moderately wounded.
The gnoll shouts!
You hear a shout!
The orc priest barely misses you.
You hear a shout! x2
You hit the orc priest.
The orc priest is moderately wounded.
The orc priest mumbles some strange prayers to Beogh against you.
Pain shoots through your body!
* * * LOW HITPOINT WARNING * * *
You hit the orc priest.
The orc priest is severely wounded.
The orc priest hits you but does no damage.
You slash the orc priest!
You kill the orc priest!
A gnoll comes into view. It is wielding a +0 whip.
You closely miss the gnoll. The gnoll is struck by your spines.
The gnoll hits you with a +0 whip.
* * * LOW HITPOINT WARNING * * *
The gnoll hits you with a +0 whip.
You die...

##...#.###....
#..†#.##...........
#...#.#$........gg#
#.....#o..........
#####...#.#o.... .....
...##.#.#.# ... ...#
...##...#.## . ..#
........#..#########.#
....###+##......@ggg.#
.........############.....#
.........### .....#
##.........# .....#
#.........# .....#
#..####...# .....#
##..####...# .....#
..†....#...# ......
.†.#...#####


You could see 3 gnolls.

Vanquished Creatures
  An orc priest (D:3)
  An orc wizard (D:3)
  2 gnolls
  2 adders
  2 worms (D:2)
  2 dart slugs
  5 endoplasms
  A giant cockroach (D:2)
  3 goblins
  5 hobgoblins
  2 jackals (D:2)
  4 kobolds
  A quokka (D:1)
  2 ball pythons (D:1)
  2 bats
  2 frilled lizards
  A rat (D:2)
38 creatures vanquished.

Notes
Turn   | Place    | Note
-------+----------+-------------------------------------------
     0 | D:1      | senseless the Demonspawn Gladiator began the quest for the
                  | Orb.
     0 | D:1      | Reached XP level 1. HP: 16/16 MP: 1/1
   153 | D:1      | Gained mutation: You are partially covered in sharp spines.
                  | [demonic ancestry]
   153 | D:1      | Reached XP level 2. HP: 22/22 MP: 2/2
   834 | D:2      | Found Hydghaf's Antique Weapon Boutique.
   997 | D:2      | Found Ighi's Weapon Shoppe.
  1079 | D:2      | Discovered your monstrous ancestry.
  1079 | D:2      | Gained mutation: You have sharp fingernails. [demonic
                  | ancestry]
  1079 | D:2      | Reached XP level 3. HP: 27/28 MP: 3/3
  1173 | D:2      | Found Janne's Weapon Shoppe.
  1198 | D:2      | Found Xuwaqith's Antique Armour Shoppe.
  1360 | D:2      | Found a sacrificial altar of Ru.
  1388 | D:2      | Found Xumistax's Antique Weapon Emporium.
  1689 | D:3      | Gained mutation: You are mostly covered in sharp spines.
                  | [demonic ancestry]
  1689 | D:3      | Reached XP level 4. HP: 35/35 MP: 4/4
  1820 | D:3      | Slain by a gnoll

Illustrated notes

Levels and vault maps discovered:
D:1:      saegor_arrival_miasma, layout_loops_ring
D:2:      layout_basic, serial_shops, nicolae_shop_gibbet_a_chance,
          nicolae_shop_dealshenge, nicolae_shop_tiny_real_fake_doors,
          nicolae_diamond_shop, nicolae_shop_peninsula, basic_altar,
          serial_corexii_hall, corexii_hall_statues_u, corexii_hall_statues_s,
          cheibrodos_gnoll_hut
D:3:      cheibrodos_pilgrimage, layout_basic, mainiacjoe_overflow_catwalk

Skill      XL: |  1  2  3 |
---------------+----------+-----
Dodging        | 3 |  3.6
Long Blades    | 3 |  3.6
Fighting       | 3 |  3.4
Throwing       | |  1.7

Action                     |  1- 3 |  4- 6 || total
---------------------------+-------+-------++-------
  Melee: Long sword        |    68 |    16 ||    84
         Punch             |     1 |       ||     1
    Use: Potion            |       |     1 ||     1
   Stab: Sleeping          |     2 |       ||     2
 Armour: Leather armour    |    32 |    14 ||    46
  Dodge: Dodged            |    43 |    15 ||    58

Table legend: (Time is in decaauts)
 A = Elapsed time spent in this place.
 B = Non-inter-level travel time spent in this place.
 C = Inter-level travel time spent in this place.
 D = Time resting spent in this place.
 E = Time spent auto-exploring this place.
 F = Levels seen in this place.
 G = Mean time per level.
                   A        B        C        D        E       F      G
               +--------+--------+--------+--------+--------+-----+--------+
         Total |   1839 |   1770 |     69 |      0 |   1477 |   3 |  613.0 |
       Dungeon |   1839 |   1770 |     69 |      0 |   1477 |   3 |  613.0 |
               +--------+--------+--------+--------+--------+-----+--------+

Top non-repeatable levels by time:
     D:2: 1017 daAuts
     D:1: 653 daAuts
     D:3: 168 daAuts
